 Dungeon Crawl Stone Soup version 0.31-a0-963-ga325b2283a (webtiles) character file.

Game seed: 2223880507316024257

3 MacCMillion the Ruffian (level 1, 0/13 HPs)
             Began as an Octopode Shapeshifter on Oct 25, 2023.
             Succumbed to a goblin's poison
             ... on level 1 of the Dungeon.
             The game lasted 00:00:14 (88 turns).

MacCMillion the Ruffian (Octopode Shapeshifter)       Turns: 88, Time: 00:00:15

Health: 0/13       AC:  1    Str: 13    XL:     1   Next: 50%
Magic:  1/1        EV: 13    Int: 12    God:
Gold:   0          SH:  0    Dex: 11    Spells: 0/0 levels left

rFire   . .          .
                       - Unarmed
rCold   . . .        (no shield)
rNeg    . . .        (helmet currently unavailable)
rPois   .            (no amulet)
rElec   .            (no ring)
rCorr   .            (no ring)
SInv    .            (no ring)
Will    .....        (no ring)
Stlth   ++           (no ring)
HPRegen 0.22/turn    (no ring)
MPRegen 0.07/turn    (no ring)
                     (no ring)

%: no passive effects
@: lethally poisoned (0 -> -12), beast-form
A: beast (slay +1), almost no armour, amphibious, 8 rings, camouflage 1,
gelatinous body 1, (nimble swimmer 1), tentacles
a: Begin Untransformation


You were on level 1 of the Dungeon.
You were a hulking beast.
You visited 1 branch of the dungeon, and saw 1 of its levels.

Inventory:

Talismans
 b - a beast talisman
 c - a flux talisman
Potions
 a - a potion of lignification


   Skills:
 + Level 1.1 Fighting
 + Level 2.0 Dodging
 + Level 0.2 Stealth
 * Level 3.0 Unarmed Combat
 + Level 3.0 Shapeshifting


You couldn't memorise any spells.
You didn't know any spells.
Your spell library was empty.

Dungeon Overview and Level Annotations

Branches:
Dungeon (1/15)

Altars:


Innate Abilities, Weirdness & Mutations

You are a hulking beast.
Your limbs bulge with bestial killing power. (Slay +1)
You cannot wear most types of armour.
You are amphibious.
You can wear up to eight rings at the same time.
Your skin changes colour to match your surroundings (Stealth+).
Your rubbery body absorbs attacks. (AC +1, EV +1)
((You are camouflaged when in or above water. (Stealth+)))
You have tentacles for arms and can constrict up to eight enemies at once.


Message History

You kill the bat!
The helpless endoplasm fails to defend itself.
You tentacle-slap the endoplasm. x2
You kill the endoplasm!
No target in view!
No target in view!
A rat comes into view.
A rat is nearby!
A rat is nearby!
The rat barely misses you.
You barely miss the rat. You grab the rat. You constrict the rat.
The rat bites you.
You tentacle-slap the rat.
You kill the rat!
No target in view!
HP restored.
A bat comes into view.
A bat is nearby!
A bat is nearby!
The helpless bat fails to defend itself.
You tentacle-slap the bat. Your grab misses the bat.
Your tentacle-slap misses the bat.
The bat is severely wounded.
The bat hits you but does no damage.
You tentacle-slap the bat.
You kill the bat!
A goblin comes into view. It is wielding a +4 dagger of venom.
The goblin shouts!
You hear a shout!
A goblin is nearby!
A goblin is nearby!
The goblin hits you with a +4 dagger of venom.
You are lethally poisoned!
You completely miss the goblin. You grab the goblin. You constrict the goblin.
* * * LOW HITPOINT WARNING * * *
You feel very sick. The goblin barely misses you.
Unknown command.
You tentacle-slap the goblin.
You kill the goblin!
You die...

####......##......
.#.#..##.#........
...#..##.......#.#
.#.######..#####.#
##............##.#
##.#######.##.##.#
...# #.##.##.##
##.# #........#
### ##♣♣♣♣♣h.#
♣).# ...# ♣♣..#
♣... ..... .....


PP.... There were no monsters in sight!

Vanquished Creatures
  An endoplasm (D:1)
  A goblin (D:1)
  2 bats (D:1)
  A rat (D:1)
5 creatures vanquished.

Notes
Turn   | Place    | Note
-------+----------+-------------------------------------------
     0 | D:1      | MacCMillion the Octopode Shapeshifter began the quest for
                  | the Orb.
     0 | D:1      | Reached XP level 1. HP: 13/13 MP: 1/1
    88 | D:1      | Succumbed to a goblin's poison

Illustrated notes

Levels and vault maps discovered:
D:1:      dpeg_arrival_tiny_g, layout_loops_cross, serial_forest,
          infiniplex_forest_side_room, infiniplex_forest_zigzag_1,
          infiniplex_forest_lined_room_3, infiniplex_forest_straight_4,
          infiniplex_forest_clump_small, infiniplex_forest_straight_4,
          infiniplex_forest_clump_tiny, grunt_decor_fettered,
          dreamdust_princess_bridge

Action                     || total
---------------------------++-------
  Melee: Unarmed           ||     8
         Constrict         ||     2
         Punch             ||     1
   Stab: Sleeping          ||     2
 Armour: Skin              ||     4
  Dodge: Dodged            ||     2

Table legend: (Time is in decaauts)
 A = Elapsed time spent in this place.
 B = Non-inter-level travel time spent in this place.
 C = Inter-level travel time spent in this place.
 D = Time resting spent in this place.
 E = Time spent auto-exploring this place.
 F = Levels seen in this place.
 G = Mean time per level.
                   A        B        C        D        E       F      G
               +--------+--------+--------+--------+--------+-----+--------+
         Total |     87 |     87 |      0 |      0 |     66 |   1 |   87.0 |
       Dungeon |     87 |     87 |      0 |      0 |     66 |   1 |   87.0 |
               +--------+--------+--------+--------+--------+-----+--------+

Top non-repeatable levels by time:
     D:1: 87 daAuts
